 Dungeon Crawl Stone Soup version 0.23.2-11-gf996548c65 (webtiles) character file.

Game seed: 13653880425320243531

95 myga the Firebug (level 4, -1/33 HPs)
             Began as a Hill Orc Fire Elementalist on June 3, 2019.
             Was an Initiate of Beogh.
             Slain by a gnoll
             ... wielding a +0 whip
              (6 damage)
             ... on level 4 of the Dungeon.
             The game lasted 00:10:31 (2213 turns).

myga the Firebug (Hill Orc Fire Elementalist)       Turns: 2213, Time: 00:10:32

Health: -1/33      AC:  6    Str: 10    XL:     4   Next: 65%
Magic:  1/7        EV: 12    Int: 15    God:    Beogh [......]
Gold:   121        SH:  0    Dex: 12    Spells: 1/7 levels left

rFire    . . .     SeeInvis .   (no weapon)
rCold    . . .     Gourm    .   (no shield)
rNeg     . . .     Faith    .   f - +2 leather armour {rPois}
rPois    +         Spirit   .   (no helmet)
rElec    .         Reflect  .   (no cloak)
rCorr    .         Harm     .   i - +0 pair of gloves
MR       .....                  (no boots)
Stlth    ++........             (no amulet)
HPRegen  0.11/turn              (no ring)
MPRegen  0.10/turn              (no ring)

@: invisible
A: no striking features
a: Renounce Religion


You were on level 4 of the Dungeon.
You worshipped Beogh.
Beogh was noncommittal.
You were hungry.

You visited 1 branch of the dungeon, and saw 4 of its levels.

You collected 121 gold pieces.

Inventory:

Missiles
 g - 68 stones (quivered)
Armour
 a - a +0 robe
 f - a +2 leather armour of poison resistance (worn)
 i - a +0 pair of gloves (worn)
Wands
 p - a wand of iceblast (6)
Scrolls
 b - a scroll of blinking
 h - a scroll of teleportation {unknown}
 k - a scroll of enchant armour {unknown}
 r - a scroll of fog
 u - a scroll of fear {unknown}
Potions
 d - a potion of magic
 e - a potion of heal wounds
 j - a potion of resistance
 m - a potion of flight {unknown}
 n - a potion of degeneration {unknown}
 o - a potion of lignification {unknown}
 q - a potion of agility {unknown}
 t - a potion of cancellation {unknown}
Comestibles
 c - 6 rations
 s - a chunk of flesh


   Skills:
 + Level 2.2 Dodging
 + Level 1.7 Stealth
 + Level 0.2 Unarmed Combat
 + Level 2.3 Spellcasting
 + Level 1.8 Conjurations
 + Level 4.1 Fire Magic


You had one spell level left.
You knew the following spells:

 Your Spells              Type           Power        Failure   Level  Hunger
a - Flame Tongue          Conj/Fire      ##...        9%          1    #......
b - Throw Flame           Conj/Fire      ##....       13%         2    ###....
c - Conjure Flame         Conj/Fire      ##......     26%         3    ###....

Your spell library contained the following spells:

 Spells                   Type           Power        Failure   Level  Hunger
 Inner Flame              Hex/Fire       #.......     36%         3    ###....
 Sticky Flame             Conj/Fire      ##......     65%         4    #####..
 Fireball                 Conj/Fire      ##........   94%         5    ######.


Dungeon Overview and Level Annotations

Branches:
Dungeon (4/15)
 Temple: D:4-7

Altars:
Cheibriados
Yredelemnul

Annotations:
D:4 Blork the orc, Sigmund


Message History

The gnoll barely misses you. The gnoll closely misses you.
The hound barely misses you. Sigmund closely misses you.
Okay, then.
You're too confused!
Unknown command.
Okay, then.
You're too confused!
Unknown command.
You feel much better. The gnoll hits you with a +0 whip.
The hound closely misses you. The scorpion barely misses you.
The gnoll closely misses you. The gnoll hits you with a +0 flail.
It was a potion of invisibility.
You fade into invisibility!
You feel less confused. The hound bites you but does no damage.
Blork the orc screams, "I'll rip your head off!"
Blork the orc gestures at you while chanting.
The puff of frost hits you!
* * * LOW HITPOINT WARNING * * *
The gnoll hits you with a +0 whip.
You die...

#......##
####.......#
##..#........
#............ ###
........#......#..
#....@..##....#...
#.o..# #........
##@s.###.........
##ghgg..##.......
#..S...........#..
#....###.......#..
#....###.....#...
#######..g..#..# .
###......##..##..
#......<.g.......
##.......s.......


You could see Blork the orc, Sigmund, a scorpion, a hound, 3 gnolls and an
adder.

Vanquished Creatures
  A gnoll (D:1)
  2 adders (D:2)
  An adder skeleton (D:3)
  A worm (D:2)
  2 dart slugs
  A leopard gecko (D:1)
  An orc (D:3)
  2 ball pythons
  8 bats
  A giant cockroach (D:2)
  9 hobgoblins
  7 jackals (D:2)
  2 quokkas (D:2)
  4 frilled lizards
  3 goblins (D:2)
  4 kobolds
  3 rats
52 creatures vanquished.

Notes
Turn   | Place    | Note
-------+----------+-------------------------------------------
     0 | D:1      | myga the Hill Orc Fire Elementalist began the quest for the
                  | Orb.
     0 | D:1      | Reached XP level 1. HP: 14/14 MP: 3/3
   124 | D:1      | Reached XP level 2. HP: 5/20 MP: 0/5
   682 | D:2      | Reached XP level 3. HP: 26/26 MP: 2/6
   935 | D:2      | Learned a level 2 spell: Throw Flame
   939 | D:2      | Learned a level 3 spell: Conjure Flame
   955 | D:2      | Reached skill level 4 in Fire Magic
  1170 | D:2      | Reached XP level 4. HP: 31/33 MP: 4/7
  1747 | D:3      | Became a worshipper of Beogh the Brigand
  1981 | D:3      | Found a basalt altar of Yredelemnul.
  1983 | D:3      | Found a snail-covered altar of Cheibriados.
  2206 | D:4      | Noticed Blork the orc
  2206 | D:4      | Noticed Sigmund
  2213 | D:4      | Slain by a gnoll

Skill      XL: |  1  2  3  4 |
---------------+-------------+-----
Spellcasting   | 2 |  2.3
Fire Magic     | 4 |  4.1
Dodging        | 2 |  2.2
Stealth        | |  1.7
Unarmed Combat | |  0.2
Conjurations   | |  1.8

Action                   |  1- 3 |  4- 6 || total
-------------------------+-------+-------++-------
Melee: Unarmed           |    71 |    10 ||    81
Throw: Stone             |     5 |     7 ||    12
 Cast: Flame Tongue      |    43 |    49 ||    92
Invok: Convert to Beogh  |       |     1 ||     1
  Use: Scroll            |     1 |     4 ||     5
       Potion            |       |     2 ||     2
  Eat: Chunk             |     2 |     3 ||     5
Armor: Robe              |    26 |     5 ||    31
       Leather armour    |       |     9 ||     9
Dodge: Dodged            |    66 |    44 ||   110
